 Dungeon Crawl Stone Soup version 0.23.2-1-ga50397a6bc (webtiles) character file.

Game seed: 15141637968502780478

11721 Mrkan the Thrower (level 11, -7/172 HPs)
             Began as a Troll Berserker on May 24, 2019.
             Was a High Priest of Trog.
             Mangled by a vampire (13 damage)
             ... on level 11 of the Dungeon.
             The game lasted 00:20:26 (8070 turns).

Mrkan the Thrower (Troll Berserker)                 Turns: 8070, Time: 00:20:27

Health: -7/172     AC:  1    Str: 32    XL:     11   Next: 53%
Magic:  10/10      EV: 11    Int:  6    God:    Trog [*****.]
Gold:   581        SH:  4    Dex: 18    Spells: 10/10 levels left

rFire    + . .     SeeInvis .     - Unarmed
rCold    . . .     Gourm    +   (no shield)
rNeg     + . .     Faith    .   u - +2 robe {rF+}
rPois    .         Spirit   .   (helmet restricted)
rElec    .         Reflect  .   C - +0 cloak of the Desolation of Salt {Dex+7}
rCorr    +         Harm     .   (gloves unavailable)
MR       ++...                  (boots unavailable)
Stlth    ..........             (no amulet)
HPRegen  1.78/turn              e - ring of positive energy
MPRegen  0.12/turn              p - ring of resist corrosion

@: berserking, corroded, regenerating, very quick
A: large, unfitting armour, claws 3, horns 1, large bone plates 1, blink, clever
1, fast metabolism 3, gourmand, regeneration 1, shaggy fur 1, tough skin 3
a: Blink, Berserk, Trog's Hand, Brothers in Arms, Renounce Religion


You were on level 11 of the Dungeon.
You worshipped Trog.
Trog was extremely pleased with you.
You were very full.

You visited 1 branch of the dungeon, and saw 11 of its levels.

You collected 581 gold pieces.

Inventory:

Hand Weapons
 E - the +5 scythe of Bile {slice, rPois Str+4}
   (You found it on level 7 of the Dungeon)

   It inflicts extra damage upon your enemies.
   It affects your strength (+4).
   It protects you from poison.
 N - the +1 spear "Ramm" {freeze, Str-3 Dex+5 SInv Stlth+, unknown}
   (You found it on level 11 of the Dungeon)

   It has been specially enchanted to freeze those struck by it, causing extra
   injury to most foes and up to half again as much damage against particularly
   susceptible opponents.
   It can also slow down cold-blooded creatures.
   It affects your strength (-3).
   It affects your dexterity (+5).
   It lets you see invisible.
   It makes you more stealthy.
Missiles
 h - 207 stones (quivered)
 r - 6 tomahawks
 B - 6 javelins
 G - 4 steel javelins
 M - 2 javelins of returning
 O - 3 large rocks
Armour
 a - a +1 animal skin
 u - a +2 robe of fire resistance (worn)
 C - the +0 cloak of the Desolation of Salt (worn) {Dex+7}
   (You found it on level 6 of the Dungeon)

   It affects your dexterity (+7).
 J - a +2 robe of magic resistance
Jewellery
 e - a ring of positive energy (left claw)
 p - a ring of resist corrosion (right claw)
 s - an uncursed ring of magical power
 F - an uncursed ring of poison resistance {unknown}
 I - a cursed ring of teleportation {unknown}
Wands
 l - a wand of paralysis (10)
 t - a wand of iceblast (14)
 x - a wand of flame (19)
 A - a wand of random effects (37)
 K - a wand of disintegration (5)
Scrolls
 c - 7 scrolls of teleportation
 d - 9 scrolls of remove curse
 f - 2 scrolls of blinking
 g - 2 scrolls of magic mapping
 j - 2 scrolls of enchant armour
 k - a scroll of amnesia
 v - a scroll of fog
 w - 2 scrolls of enchant weapon
 y - 5 scrolls of identify
Potions
 i - 2 potions of degeneration
 m - 3 potions of lignification
 n - a potion of haste {unknown}
 o - a potion of flight
 q - a potion of might {unknown}
 z - a potion of resistance
 D - 3 potions of brilliance
 L - a potion of curing {unknown}
Comestibles
 b - 17 rations
 H - 3 chunks of flesh


   Skills:
 * Level 9.5 Fighting
 - Level 10.4 Throwing
 - Level 2.4 Dodging
 - Level 10.2 Unarmed Combat


You had 10 spell levels left.
You didn't know any spells.
Your spell library was empty.

Dungeon Overview and Level Annotations

Branches:
Dungeon (11/15)            Temple (0/1) D:6            Lair (0/6) D:10
    Orc (0/2) D:10

Altars:
Ashenzari
Dithmenos
Elyvilon
Gozag
Makhleb
Okawaru
Qazlal
Ru
Sif Muna
Trog
Vehumet
Wu Jian
Yredelemnul
Zin

Shops:
D:6 }?(   D:10 :

Annotations:
D:6 2 transporters


Innate Abilities, Weirdness & Mutations

You are too large for most types of armour.
You have claws for hands.
Your metabolism is lightning-fast.
You like to eat raw meat.
Your natural rate of healing is unusually fast.
You are covered in fur. (AC +1)
You have extremely tough skin. (AC +3)
You have a pair of small horns on your head.
You are partially covered in large bone plates. (SH +4)
You can translocate small distances at will.
Your mind is acute. (Int +2)


Message History

Something draws strength from your injuries!
The brown ugly thing claws you!
* * * LOW HITPOINT WARNING * * *
The acid corrodes you!
You are splashed with acid.
You resist.
* * * LOW HITPOINT WARNING * * *
A red film seems to cover your vision as you go berserk!
You feel yourself moving faster!
You feel mighty! The brown ugly thing claws you.
* * * LOW HITPOINT WARNING * * *
You are splashed with acid.
You resist.
* * * LOW HITPOINT WARNING * * *
You barely miss the brown ugly thing.
Your headbutt misses the brown ugly thing.
The brown ugly thing is heavily wounded.
You scratch the brown ugly thing. You headbutt the brown ugly thing!
The brown ugly thing is severely wounded.
The brown ugly thing barely misses you. Something hits you.
* * * LOW HITPOINT WARNING * * *
Something bites you!
You die...

......>...## #...
..........## #...
...........# #..#
...........## #(.# ...
............## #..# ...
.............## #..# ....
..............####..# .....
.......#####.....{..####.....
#...... ###..@u...#.......
....[ #............... ..
#...............
#.......#.......
#..............#
#........#...###
#..........### ##........##
##.....##.


You could see a brown ugly thing.

Vanquished Creatures
  Erica (D:10)
  2 two-headed ogres
  2 unseen horrors
  A cyclops (D:11)
  Maurice (D:10)
  Psyche (D:10)
  A komodo dragon (D:10)
  A hornet (D:9)
  2 hippogriffs
  Sigmund (D:7)
  A wraith (D:10)
  Eustachio (D:6)
  2 wyverns (D:10)
  3 hungry ghosts
  A steam dragon (D:8)
  Edmund (D:7)
  A water moccasin (D:7)
  Duvessa (D:4)
  3 orc warriors
  A phantom (D:7)
  4 ice beasts
  4 sky beasts
  2 eyes of draining
  3 ogres
  2 centaurs
  Blork the orc (D:5)
  A big kobold (D:8)
  3 bullfrogs
  A gnoll sergeant (D:7)
  Dowan (D:4)
  2 wyvern skeletons
  2 scorpions
  16 killer bees
  5 wights (D:6)
  2 howler monkeys (D:8)
  6 crimson imps
  2 centaur zombies
  A quasit (D:8)
  2 orc priests
  4 hounds
  2 jellies
  3 bullfrog zombies
  4 orc wizards
  4 centaur skeletons
  A bullfrog skeleton (D:10)
  An iguana (D:6)
  8 worker ants
  2 killer bee zombies
  4 hound zombies
  9 gnolls
  7 adders
  A shadow imp (D:10)
  3 oozes
  3 adder skeletons
  3 worms
  4 leopard geckos
  37 orcs
  6 giant cockroaches
  8 hobgoblins
  4 jackals (D:7)
  13 kobolds
  3 quokkas
  6 bats
  5 frilled lizards
  A giant cockroach zombie (D:6)
  9 goblins
  A jackal skeleton (D:4)
  6 rats
250 creatures vanquished.

Vanquished Creatures (others)
  6 plants
6 creatures vanquished.

Grand Total: 256 creatures vanquished

Notes
Turn   | Place    | Note
-------+----------+-------------------------------------------
     0 | D:1      | Mrkan the Troll Berserker began the quest for the Orb.
     0 | D:1      | Reached XP level 1. HP: 22/22 MP: 0/0
    34 | D:1      | Reached XP level 2. HP: 29/29 MP: 1/1
   709 | D:2      | Reached ** piety under Trog
   713 | D:2      | Reached XP level 3. HP: 5/36 MP: 2/2
   963 | D:2      | Reached XP level 4. HP: 22/44 MP: 3/3
   981 | D:2      | Reached skill level 5 in Unarmed Combat
  1233 | D:2      | Found a faded altar of an unknown god.
  1989 | D:3      | Reached XP level 5. HP: 47/50 MP: 4/4
  2747 | D:4      | Reached XP level 6. HP: 39/59 MP: 5/5
  2754 | D:4      | Reached *** piety under Trog
  2817 | D:4      | Noticed Dowan
  2818 | D:4      | Noticed Duvessa
  2834 | D:4      | Killed Duvessa
  2840 | D:4      | Killed Dowan
  2901 | D:4      | Reached XP level 7. HP: 61/66 MP: 6/6
  3104 | D:5      | Entered Level 5 of the Dungeon
  3212 | D:5      | Noticed Blork the orc
  3223 | D:5      | Killed Blork the orc
  3634 | D:6      | Found Buufu's Gadget Shoppe.
  3780 | D:6      | Found a white marble altar of Elyvilon.
  3815 | D:6      | Found Gautir's Antique Weapon Emporium.
  3863 | D:6      | Found a staircase to the Ecumenical Temple.
  3889 | D:6      | Reached XP level 8. HP: 74/74 MP: 7/7
  3893 | D:6      | Reached skill level 10 in Unarmed Combat
  3907 | D:6      | Found a radiant altar of Vehumet.
  3907 | D:6      | Found an opulent altar of Gozag.
  3908 | D:6      | Found a stormy altar of Qazlal.
  3909 | D:6      | Found a shadowy altar of Dithmenos.
  3911 | D:6      | Found a burning altar of Makhleb.
  3932 | D:6      | Noticed Eustachio
  3940 | D:6      | Killed Eustachio
  4000 | D:6      | Got a translucent cloak
  4006 | D:6      | Identified the cursed +0 cloak of the Desolation of Salt
                  | {Dex+7} (You found it on level 6 of the Dungeon)
  4027 | D:6      | Found Ynupas's Magic Scroll Boutique.
  4230 | D:6      | Found a transporter.
  4235 | D:6      | Found a transporter.
  4296 | D:7      | Reached **** piety under Trog
  4345 | D:7      | Found a deep blue altar of Sif Muna.
  4355 | D:7      | Reached skill level 5 in Throwing
  4414 | D:7      | Found a glowing silver altar of Zin.
  4437 | D:7      | Reached XP level 9. HP: 76/80 MP: 8/8
  4990 | D:7      | Noticed Edmund
  4993 | D:7      | Got a crystal scythe
  5010 | D:7      | Killed Edmund
  5046 | D:7      | Noticed Sigmund
  5050 | D:7      | Killed Sigmund
  5077 | D:7      | Identified the +5 scythe of Bile {slice, rPois Str+4} (You
                  | found it on level 7 of the Dungeon)
  5089 | D:7      | Gained mutation: Your body sometimes deteriorates upon
                  | taking damage. [potion of mutation]
  5089 | D:7      | Gained mutation: Your flesh is cold resistant. (rC+)
                  | [potion of mutation]
  5090 | D:7      | Lost mutation: Your body sometimes deteriorates upon taking
                  | damage. [potion of mutation]
  5090 | D:7      | Lost mutation: Your flesh is cold resistant. (rC+) [potion
                  | of mutation]
  5090 | D:7      | Gained mutation: You have a pair of small horns on your
                  | head. [potion of mutation]
  5090 | D:7      | Gained mutation: You are partially covered in large bone
                  | plates. (SH +4) [potion of mutation]
  5090 | D:7      | Gained mutation: Your mind is acute. (Int +2) [potion of
                  | mutation]
  5090 | D:7      | Gained mutation: You can translocate small distances at
                  | will. [potion of mutation]
  5203 | D:8      | Found a basalt altar of Yredelemnul.
  5586 | D:8      | Reached XP level 10. HP: 77/88 MP: 9/9
  5685 | D:8      | Found a bloodstained altar of Trog.
  5688 | D:8      | Found an iron altar of Okawaru.
  5691 | D:8      | Found a sacrificial altar of Ru.
  5701 | D:8      | Found an ornate altar of the Wu Jian Council.
  6065 | D:9      | Found a shattered altar of Ashenzari.
  6082 | D:9      | Reached skill level 10 in Throwing
  6283 | D:9      | Paralysed by a hornet for 1 turns
  6441 | D:9      | Received a gift from Trog
  6849 | D:10     | Entered Level 10 of the Dungeon
  6865 | D:10     | Noticed Psyche
  6877 | D:10     | Killed an unseen horror
  6877 | D:10     | Reached skill level 5 in Fighting
  6899 | D:10     | Killed Psyche
  6899 | D:10     | Received a gift from Trog
  6970 | D:10     | Found Muuklept's Book Boutique.
  6983 | D:10     | Noticed Erica
  7000 | D:10     | Killed Erica
  7128 | D:10     | Noticed Maurice
  7137 | D:10     | Killed Maurice
  7137 | D:10     | Reached ***** piety under Trog
  7137 | D:10     | Reached XP level 11. HP: 108/109 MP: 10/10
  7184 | D:10     | Found a staircase to the Orcish Mines.
  7387 | D:10     | Found a staircase to the Lair.
  7522 | D:10     | Noticed a two-headed ogre
  7528 | D:10     | Killed a two-headed ogre
  7875 | D:11     | Noticed a two-headed ogre
  7875 | D:11     | Noticed a red ugly thing
  7901 | D:11     | Killed a two-headed ogre
  7917 | D:11     | Received a gift from Trog
  7935 | D:11     | Got a sapphire spear
  7993 | D:11     | Killed an unseen horror
  8053 | D:11     | Noticed a brown ugly thing
  8065 | D:11     | HP: 5/115 [brown ugly thing (17)]
  8065 | D:11     | HP: 1/115 [acid (4)]
  8070 | D:11     | HP: 6/172 [something (1)]
  8070 | D:11     | Mangled by a vampire

Skill      XL: |  1  2  3  4  5  6  7  8  9 10 11 |
---------------+----------------------------------+-----
Unarmed Combat | 4 5 6 8 9 10 | 10.2
Throwing       | 5 9 10 | 10.4
Fighting       | 7 9 |  9.5
Dodging        | |  2.4

Action                   |  1- 3 |  4- 6 |  7- 9 | 10-12 || total
-------------------------+-------+-------+-------+-------++-------
Melee: Unarmed           |    79 |   147 |   270 |   234 ||   730
       Punch             |     1 |     2 |     9 |    16 ||    28
       Headbutt          |       |       |    13 |    65 ||    78
Invok: Berserk           |       |     1 |     3 |     4 ||     8
       Trog's Hand       |       |       |       |     2 ||     2
  Use: Scroll            |       |     9 |    12 |       ||    21
       Potion            |       |       |     3 |     2 ||     5
 Stab: Sleeping          |       |       |       |     2 ||     2
  Eat: Chunk             |     7 |    26 |    29 |    33 ||    95
Armor: Animal skin       |    35 |    55 |     3 |       ||    93
       Robe              |       |       |    92 |    72 ||   164
Dodge: Dodged            |    42 |    67 |   151 |   111 ||   371
Block: Other             |       |       |     6 |    34 ||    40
